 Dungeon Crawl Stone Soup version 0.22-a0-283-g1871b15 (webtiles) character file.

77 galech the Ruffian (level 4, 0/44 HPs)
             Began as a Troll Monk on Mar 19, 2018.
             Slain by a gnoll
             ... wielding a +0 spear
              (7 damage)
             ... on level 2 of the Dungeon.
             The game lasted 00:01:43 (876 turns).

galech the Ruffian (Troll Monk)                      Turns: 876, Time: 00:01:44

Health: 0/44       AC:  5    Str: 20    XL:     4   Next: 14%
Magic:  3/3        EV:  8    Int:  6    God:
Gold:   46         SH:  8    Dex: 12    Spells: 3/3 levels left

rFire    + . .     SeeInvis .     - Unarmed
rCold    x . .     Gourm    +   c - +0 shield
rNeg     . . .     Faith    .   a - +0 robe
rPois    .         Spirit   .   (helmet restricted)
rElec    .         Reflect  .   (no cloak)
rCorr    .         Harm     .   (gloves unavailable)
MR       .....                  (boots unavailable)
Stlth    ++........             (no amulet)
HPRegen  0.54/turn              i - ring of fire
MPRegen  0.08/turn              (no ring)

@: no status effects
A: large, unfitting armour, claws 3, fast metabolism 3, gourmand, regeneration
1, shaggy fur 1, tough skin 2
a: no special abilities


You were on level 2 of the Dungeon.
You were completely stuffed.

You visited 1 branch of the dungeon, and saw 2 of its levels.

You collected 46 gold pieces.

Inventory:

Armour
 a - a +0 robe (worn)
 c - a +0 shield (worn)
Jewellery
 i - a ring of fire (left claw)
Scrolls
 f - a scroll of teleportation {unknown}
 h - 2 scrolls of identify {unknown}
Potions
 d - a potion of mutation {unknown}
 e - a potion of flight {unknown}
 j - 2 potions of cancellation {unknown}
Comestibles
 b - 4 rations
 g - 4 chunks of flesh


   Skills:
 + Level 2.9 Fighting
 + Level 2.9 Dodging
 - Level 1.0 Stealth
 + Level 1.3 Shields
 + Level 3.5 Unarmed Combat


You had 3 spell levels left.
You didn't know any spells.

Dungeon Overview and Level Annotations

Branches:
Dungeon (2/15)

Altars:


Innate Abilities, Weirdness & Mutations

You are too large for most types of armour.
You have claws for hands.
Your metabolism is lightning-fast.
You like to eat raw meat.
Your natural rate of healing is unusually fast.
You are covered in fur. (AC +1)
You have very tough skin. (AC +2)


Message History

You are too injured to fight recklessly!
You are too injured to fight recklessly!
You are too injured to fight recklessly!
You are too injured to fight recklessly!
You are too injured to fight recklessly!
You are too injured to fight recklessly!
You scratch the gnoll.
The gnoll is moderately wounded.
You block the gnoll's attack. The gnoll hits you with a spear.
You scratch the gnoll.
The gnoll is heavily wounded.
The gnoll hits you with a spear. You block the gnoll's attack.
The gnoll hits you with a spear.
* * * LOW HITPOINT WARNING * * *
You closely miss the gnoll.
The gnoll is heavily wounded.
The gnoll hits you from afar with a spear.
* * * LOW HITPOINT WARNING * * *
The gnoll hits you with a spear!
You die...

.## #.######## ..#
#.#......# ..#
##.#.####.#
#.###..)......#
#.##...รท.####.########
#.###...........##...#
#..(......###.#.##...###
#####..#.## #.#.%?.....#
#..#.####.#.@......#
#..#......##.gg.=..#
##.........####g..###
##.....###### #K..#
##.......# ##g##
##>........# #g#
.'<........+ ...
##.........# ..g##
##.......## ..###


You could see 5 gnolls and a kobold.

Vanquished Creatures
  A gnoll shaman (D:2)
  2 dart slugs (D:1)
  2 leopard geckos (D:2)
  A ball python (D:1)
  2 bats (D:1)
  A giant cockroach (D:2)
  5 goblins
  7 hobgoblins (D:1)
  7 jackals (D:1)
  A frilled lizard (D:2)
  3 kobolds
  4 rats (D:1)
36 creatures vanquished.

Notes
Turn   | Place    | Note
-------+----------+-------------------------------------------
     0 | D:1      | galech the Troll Monk began the quest for the Orb.
     0 | D:1      | Reached XP level 1. HP: 22/22 MP: 0/0
    47 | D:1      | Reached XP level 2. HP: 29/29 MP: 1/1
   357 | D:1      | Reached XP level 3. HP: 36/36 MP: 2/2
   360 | D:1      | Reached skill level 1 in Shields
   867 | D:2      | Reached XP level 4. HP: 40/44 MP: 3/3
   876 | D:2      | Slain by a gnoll

Vault maps used:
D:1:      eino_arrival_druids_welcome, minmay_pentomino_o2

Skill      XL: |  1  2  3 |
---------------+----------+-----
Shields        | 1 |  1.3
Fighting       | |  2.9
Dodging        | |  2.9
Stealth        | |  1.0
Unarmed Combat | |  3.5

Action                   |  1- 3 |  4- 6 || total
-------------------------+-------+-------++-------
Melee: Unarmed           |   103 |     3 ||   106
  Use: Scroll            |     1 |       ||     1
 Stab: Sleeping          |     1 |       ||     1
  Eat: Chunk             |    14 |       ||    14
Armor: Robe              |    40 |       ||    40
Dodge: Dodged            |    34 |     1 ||    35
Block: Shield            |    35 |     4 ||    39

Table legend:
 A = Spawn XP
 B = Non-spawn XP
 C = Spawn XP percentage of total XP
 D = Spawn monster count
 E = Non-spawn monster count
 F = Spawn count percentage of total count
 G = Total turns spent on level
                    A         B        C        D         E        F      G
               +---------+---------+-------+---------+---------+-------+---------
         Total |       0 |     111 |   0.0 |       0 |      36 |   0.0 |   876
               +---------+---------+-------+---------+---------+-------+---------
           D:1 |       0 |      56 |   0.0 |       0 |      29 |   0.0 |   758
           D:2 |       0 |      55 |   0.0 |       0 |       7 |   0.0 |   118
               +---------+---------+-------+---------+---------+-------+---------
